 Dungeon Crawl Stone Soup version 0.31-a0-183-g4352c244c2 (webtiles) character file.

Game seed: 16292033258017139324

2687 AvylaarBelgium the Thaumaturge (level 9, -2/45 HPs)
             Began as a Deep Elf Conjurer on June 22, 2023.
             Killed from afar by a rime drake (21 damage)
             ... with an icy flash freeze
             ... on level 8 of the Dungeon.
             The game lasted 00:15:16 (6053 turns).

AvylaarBelgium the Thaumaturge (Deep Elf Conjurer)  Turns: 6053, Time: 00:15:17

Health: -2/45      AC:  3    Str:  4    XL:     9   Next: 38%
Magic:  18/27      EV: 12    Int: 28    God:
Gold:   386        SH:  0    Dex: 13    Spells: 18/32 levels left

rFire   . . .        N - +5 flail
rCold   . . .        (no shield)
rNeg    . . .        a - +0 robe
rPois   +            (no helmet)
rElec   .            l - +0 cloak
rCorr   .            (no gloves)
SInv    .            (no boots)
Will    .....        o - amulet of regeneration
Stlth   ++           g - ring of poison resistance
HPRegen 1.07/turn    (no ring)
MPRegen 0.20/turn

%: no passive effects
@: no status effects
A: no striking features
a: no special abilities


You were on level 8 of the Dungeon.
You visited 2 branches of the dungeon, and saw 9 of its levels.
You also visited: Sewer.

You collected 386 gold pieces.

Inventory:

Hand Weapons
 i - a +0 whip
 q - a +1 short sword of venom
 N - a +5 flail (weapon)
Missiles
 v - a throwing net
 I - 8 atropa-tipped darts
Armour
 a - a +0 robe (worn)
 l - a +0 cloak (worn)
 G - a +0 leather armour of willpower
Magical Staves
 L - a staff of death
Jewellery
 g - a ring of poison resistance (left hand)
 o - an amulet of regeneration (around neck)
 y - an amulet of faith
 F - a +4 ring of protection
Wands
 A - a wand of acid (8)
 J - a wand of digging (1)
Scrolls
 e - 6 scrolls of teleportation {unknown}
 f - 2 scrolls of poison {unknown}
 k - 4 scrolls of enchant armour {unknown}
 n - 3 scrolls of fog {unknown}
 p - 5 scrolls of identify {unknown}
 u - 2 scrolls of silence {unknown}
 x - 3 scrolls of blinking {unknown}
 z - 3 scrolls of vulnerability {unknown}
 C - 2 scrolls of revelation {unknown}
 E - 3 scrolls of enchant weapon {unknown}
 H - 2 scrolls of immolation {unknown}
 M - a scroll of noise {unknown}
 O - a scroll of amnesia {unknown}
 P - a scroll of butterflies {unknown}
Potions
 b - a potion of magic
 c - 3 potions of ambrosia {unknown}
 d - a potion of degeneration {unknown}
 h - 3 potions of haste {unknown}
 j - 3 potions of brilliance {unknown}
 m - 3 potions of heal wounds {unknown}
 r - 7 potions of curing {unknown}
 s - 2 potions of might {unknown}
 t - 4 potions of attraction {unknown}
 w - a potion of berserk rage {unknown}
 B - 3 potions of enlightenment {unknown}
 D - a potion of cancellation {unknown}
 K - a potion of mutation {unknown}


   Skills:
 - Level 2.4 Dodging
 - Level 2.4 Stealth
 + Level 12.0 Spellcasting
 + Level 10.8 Conjurations
 * Level 2.0 Hexes


You had 18 spell levels left.
You knew the following spells:

 Your Spells              Type           Power      Damage    Failure   Level
a - Magic Dart            Conj           100%       1d8       1%          1
b - Searing Ray           Conj           100%       2d8       1%          2
c - Fulminant Prism       Conj/Hex       26%        3d14      2%          4
d - Iskenderun's Mystic   Conj/Tloc      47%        2d10      3%          4
e - Stone Arrow           Conj/Erth      94%        3d12      1%          3

Your spell library contained the following spells:

 Spells                   Type           Power      Damage    Failure   Level
 Dazzling Flash           Conj/Hex       100%       N/A       1%          3
 Animate Armour           Summ/Erth      32%        N/A       32%         4
 Lehudib's Crystal Spear  Conj/Erth      23%        10d7      100%        8


Dungeon Overview and Level Annotations

Branches:
Dungeon (8/15)             Temple (1/1) D:5           Sewer (visited)
   Lair: D:8-11

Altars:
Ashenzari
Cheibriados
Fedhas
Gozag
Hepliaklqana
Kikubaaqudgha
Makhleb
Nemelex Xobeh
Qazlal
Ru
Sif Muna
Trog
Uskayaw
Wu Jian
Xom
Yredelemnul
Zin
The Shining One

Shops:
D:6 [[[::

Annotations:
D:8 4 runed translucent doors


Message History

Casting: Fulminant Prism (dangerous; 2% risk of failure)
Confirm with . or Enter, or press ? or * to list all spells.
Aiming: Stone Arrow (safe; 1% risk of failure)
Press: ? - help, Shift-Dir - straight line, f - fulminant prism
Aim: a fulminant prism (friendly, 100% to hit)
Really fire at your fulminant prism? [Y]es or [N]o only, please.
Really fire at your fulminant prism?
The stone arrow hits the centaur!
The centaur is heavily wounded.
The centaur hits you with a +0 rapier. The centaur misses you.
The centaur hits you with a +0 rapier. The centaur closely misses you.
Your fulminant prism crackles loudly.
Unknown command.
Casting: Stone Arrow (safe; 1% risk of failure)
Confirm with . or Enter, or press ? or * to list all spells.
Aiming: Stone Arrow (safe; 1% risk of failure)
Press: ? - help, Shift-Dir - straight line, p - fulminant prism The stone arrow misses the centaur.
The centaur hits you with a +0 rapier!
* * * LOW HITPOINT WARNING * * *
The centaur kicks you but does no damage.
Your fulminant prism explodes!
The blast of energy engulfs the centaur!!
You kill the centaur!
You hear a shout!
You hear an angry hiss.
You hear a loud, deep croak!
You hear an angry growl.
Your Spellcasting skill increases to level 12!
Your Hexes skill increases to level 2!
Unknown command.
Found a fuming yellow potion.
P - a scroll labelled IRERGH CUSYMN You now have 386 gold pieces (gained 13).
Things that are here:
a +0 rapier; a +0 shortbow
Things that are here:
a +0 rapier; a +0 shortbow A rime drake comes into view.
The rime drake breathes ice at you. The icy flash freeze hits you!!
You die...

........ .........
........ ....... ..######
.....k. .##8$|8# ..... .
.#8....8#... ...# ..
.+......+... #..# ...
.+J.....+... #..# ....
.#8....8#...# #.####.....
.##8|[8##.#..##.@........
..######......#.)........
#+# #....###......
##...## ..!.. #....# ....
#.#.......... #.###.....
.. #.# #..... . #### ##.#
#....


You could see a rime drake (catching breath).

Vanquished Creatures
  A wyvern (D:5)
  Duvessa (D:7)
  An orc warrior (D:6)
  2 ice beasts (D:5)
  An ogre (D:6)
  A centaur (D:8)
  2 kobold brigands
  A gnoll sergeant (D:5)
  16 wights
  2 howler monkeys
  4 hounds
  3 jellies (D:5)
  2 orc priests
  A sleepcap (D:5)
  3 iguanas
  4 orc wizards
  11 gnolls
  13 adders
  3 river rats
  3 ufetubi
  4 worms
  2 dart slugs
  13 orcs
  6 ball pythons
  7 bats
  9 endoplasms
  6 giant cockroaches
  6 hobgoblins
  14 jackals
  6 quokkas
  13 frilled lizards
  9 goblins
  14 kobolds
  7 rats
191 creatures vanquished.

Vanquished Creatures (others)
  29 fulminant prisms
29 creatures vanquished.

Grand Total: 220 creatures vanquished

Notes
Turn   | Place    | Note
-------+----------+-------------------------------------------
     0 | D:1      | AvylaarBelgium the Deep Elf Conjurer began the quest for
                  | the Orb.
     0 | D:1      | Reached XP level 1. HP: 10/10 MP: 6/6
   246 | D:1      | Reached XP level 2. HP: 15/15 MP: 5/8
   541 | D:2      | Reached skill level 5 in Conjurations
   541 | D:2      | Reached XP level 3. HP: 19/19 MP: 5/10
   642 | D:2      | Reached skill level 4 in Spellcasting
   716 | D:2      | Found a hide-covered altar of Uskayaw.
  1173 | D:3      | Learned a level 2 spell: Searing Ray
  1422 | D:3      | Reached XP level 4. HP: 24/24 MP: 9/12
  1549 | D:3      | Reached skill level 5 in Spellcasting
  1752 | D:3      | Reached XP level 5. HP: 28/28 MP: 9/14
  2342 | D:4      | Reached skill level 6 in Spellcasting
  2492 | D:4      | Reached XP level 6. HP: 32/32 MP: 11/17
  2912 | D:5      | Entered Level 5 of the Dungeon
  2950 | D:5      | Found a staircase to the Ecumenical Temple.
  2957 | Temple   | Entered the Ecumenical Temple
  3150 | D:5      | Reached skill level 7 in Spellcasting
  3251 | D:5      | Found a glowing drain.
  3258 | Sewer    | Entered a sewer
  3553 | Sewer    | Reached XP level 7. HP: 32/36 MP: 13/20
  3772 | D:5      | Reached skill level 8 in Spellcasting
  4029 | D:5      | Learned a level 4 spell: Fulminant Prism
  4034 | D:5      | Learned a level 4 spell: Iskenderun's Mystic Blast
  4085 | D:5      | Reached skill level 9 in Spellcasting
  4085 | D:5      | Reached XP level 8. HP: 41/41 MP: 13/23
  4583 | D:6      | Found Mirghaaweo's Book Shop.
  4653 | D:6      | Found Catug's Armour Emporium.
  4678 | D:6      | Reached skill level 10 in Spellcasting
  4859 | D:6      | Found an ancient bone altar of Kikubaaqudgha.
  5024 | D:6      | Found Paovill's Armour Boutique.
  5218 | D:6      | Found Bierch's Armour Shop.
  5315 | D:6      | Found Siudil's Book Shoppe.
  5369 | D:7      | Reached skill level 10 in Conjurations
  5376 | D:7      | Reached skill level 11 in Spellcasting
  5602 | D:7      | Reached XP level 9. HP: 45/45 MP: 14/26
  5696 | D:7      | Noticed Duvessa
  5711 | D:7      | Killed Duvessa
  5737 | D:8      | Found a large runed translucent door.
  5845 | D:8      | Learned a level 3 spell: Stone Arrow
  5986 | D:8      | Reached skill level 1 in Hexes
  5998 | D:8      | Found a large runed translucent door.
  6003 | D:8      | Noticed a deep elf pyromancer
  6039 | D:8      | Found a large runed translucent door.
  6042 | D:8      | Found a large runed translucent door.
  6047 | D:8      | Reached skill level 12 in Spellcasting
  6052 | D:8      | Noticed a rime drake
  6053 | D:8      | Killed from afar by a rime drake

Illustrated notes

Levels and vault maps discovered:
D:1:      spicycebolla_arrival_ecumenical, layout_rooms, st_stairs_7,
          minmay_misc_feat_pillars
D:2:      layout_basic, basic_altar, minmay_misc_feat_rugged, minmay_lizard_king
D:3:      minmay_thinvault, layout_loops_cross
D:4:      layout_basic
D:5:      layout_basic, minmay_temple_entry_gardened_gates,
          lightli_sewer_entry_pipes, grunt_decor_mini_mirrors
D:6:      layout_gridville, mainiacjoe_overflow_concentric_impassable,
          serial_shops, nicolae_book_shop_shelving,
          nicolae_shop_tiny_statue_garden, shop, shop_statue, shop, minivault_24
D:7:      layout_loops_ring, serial_rivers, chequers_serial_rivers_room_a,
          chequers_serial_rivers_small_b, chequers_serial_rivers_micro_e,
          chequers_serial_rivers_large_a, uniq_pikel, uniq_duvessa
D:8:      layout_layer_cave, hellmonk_lair_entry_icy,
          minmay_hollow_rounded_squares, uniq_prince_ribbit1
Temple:   minmay_crystal_spiral_temple

Skill      XL: |  1  2  3  4  5  6  7  8  9 |
---------------+----------------------------+-----
Conjurations   | 5 6 7 8 10 | 10.8
Spellcasting   | 4 5 6 7 9 11 12 | 12.0
Hexes          | 2 |  2.0
Dodging        | |  2.4
Stealth        | |  2.4

Action                     |  1- 3 |  4- 6 |  7- 9 || total
---------------------------+-------+-------+-------++-------
  Melee: Short sword       |       |     4 |       ||     4
   Cast: Magic Dart        |    94 |   162 |    59 ||   315
         Searing Ray       |       |    12 |    26 ||    38
         Fulminant Prism   |       |       |    29 ||    29
         Stone Arrow       |       |       |     3 ||     3
 Armour: Robe              |       |     9 |     7 ||    16
  Dodge: Dodged            |     2 |    26 |    14 ||    42

Table legend: (Time is in decaauts)
 A = Elapsed time spent in this place.
 B = Non-inter-level travel time spent in this place.
 C = Inter-level travel time spent in this place.
 D = Time resting spent in this place.
 E = Time spent auto-exploring this place.
 F = Levels seen in this place.
 G = Mean time per level.
                   A        B        C        D        E       F      G
               +--------+--------+--------+--------+--------+-----+--------+
         Total |   6145 |   5925 |    220 |   1126 |   3563 |  10 |  614.5 |
       Dungeon |   5528 |   5393 |    135 |   1027 |   3317 |   8 |  691.0 |
        Temple |    174 |     89 |     85 |      0 |      0 |   1 |  174.0 |
         Sewer |    441 |    441 |      0 |     99 |    245 |   1 |  441.0 |
               +--------+--------+--------+--------+--------+-----+--------+

Top non-repeatable levels by time:
     D:5: 1135 daAuts
     D:3: 1075 daAuts
     D:6: 765 daAuts
     D:4: 723 daAuts
     D:2: 631 daAuts
     D:1: 479 daAuts
   Sewer: 441 daAuts
     D:7: 402 daAuts
     D:8: 315 daAuts
  Temple: 174 daAuts
